 Dungeon Crawl Stone Soup version 0.17-a0-1533-g2f57bce (webtiles) character file.

238 nubinia the Magician (level 5, -3/24 HPs)
             Began as a Spriggan Earth Elementalist on July 16, 2015.
             Was a Follower of Ashenzari.
             Slain by an ogre
             ... wielding a +0 giant spiked club
              (27 damage)
             ... on level 4 of the Dungeon.
             The game lasted 00:17:56 (3288 turns).

nubinia the Magician (Spriggan Earth Elementalist)  Turns: 3288, Time: 00:17:56

Health: -3/24      AC:  4    Str:  4    XL:     5   Next: 78%
Magic:  9/13       EV: 19    Int: 17    God:    Ashenzari [*.....]
Gold:   164        SH:  0    Dex: 17    Spells: 4 memorised, 5 levels left

rFire  . . .     SeeInvis +     B - -2 hand axe (curse)
rCold  . . .     Clarity  .     i - +0 robe
rNeg   . . .     SustAt   +     (shield restricted)
rPois  .         Gourm    .     (helmet restricted)
rElec  .         Spirit   .     (no cloak)
rCorr  .         Warding  .     (gloves unavailable)
rMut   +         Stasis   .     (boots unavailable)
MR     .....                    s - amulet of resist mutation
Stlth  +++.......               o - +2 ring of protection
                                f - ring of sustain attributes

@: very quick, not resistant to hostile enchantments, fairly stealthy
A: unfitting armour, see invisible, herbivore 3, speed 3, slow metabolism 2
a: Renounce Religion


You were on level 4 of the Dungeon.
You worshipped Ashenzari.
Ashenzari was aware of your devotion.
You were not hungry.

You visited 1 branch of the dungeon, and saw 4 of its levels.

You collected 164 gold pieces.

Inventory:

Hand weapons
 b - a +0 dagger
 B - a cursed -2 hand axe (weapon)
Missiles
 a - 77 stones (quivered)
Armour
 i - a +0 robe (worn)
Jewellery
 f - a ring of sustain attributes (left hand)
 o - a +2 ring of protection (right hand)
 s - an amulet of resist mutation (around neck)
 z - an uncursed ring of protection from cold
Scrolls
 e - 3 scrolls of teleportation
 g - a scroll of immolation {unknown}
 h - a scroll of amnesia
 j - a scroll of magic mapping {unknown}
 n - a scroll of fear {unknown}
 r - a scroll of recharging
 u - a scroll of fog
 v - a scroll of enchant armour {unknown}
 y - 3 scrolls of curse armour
Potions
 k - a potion of might
 l - a potion of flight
 m - 2 potions of resistance
 p - a potion of mutation
 w - a potion of curing
 x - a potion of brilliance
Books
 c - a book of Geomancy

   Spells                             Type                      Level
   a - Sandblast                      Earth                        1
   b - Stoneskin                      Transmutation/Earth          2
   c - Passwall                       Transmutation/Earth          3
   d - Stone Arrow                    Conjuration/Earth            3
   e - Petrify                        Transmutation/Earth          4
   f - Lee's Rapid Deconstruction     Earth                        5
Comestibles
 d - 3 bread rations
 q - 4 fruits
 t - a slice of pizza
 A - a royal jelly


   Skills:
 + Level 0.2 Short Blades
 + Level 3.5 Dodging
 + Level 4.3 Stealth
 + Level 5.1 Spellcasting
 + Level 1.3 Transmutations
 + Level 4.3 Earth Magic


You had 5 spell levels left.
You knew the following spells:

 Your Spells              Type           Power        Failure   Level  Hunger
a - Sandblast             Erth           ###...       2%          1    None
b - Stoneskin             Trmt/Erth      ##......     10%         2    #......
c - Passwall              Trmt/Erth      ##........   14%         3    ###....
d - Stone Arrow           Conj/Erth      ##....       21%         3    ###....


Dungeon Overview and Level Annotations

Branches:
Dungeon (4/15)
 Temple: D:4-7

Altars:
Ashenzari
Cheibriados
Makhleb
Qazlal
Yredelemnul


Innate Abilities, Weirdness & Mutations

You are tiny and cannot use many weapons and most armour.
You have supernaturally acute eyesight.
You are a herbivore.
You cover ground extremely quickly.
You need consume almost no food.


Message History

Casting: Sandblast
Confirm with . or Enter, or press ? or * to list all spells.
Aiming: Sandblast
Press: ? - help, Shift-Dir - straight line, f - ogre
Aim: an ogre, wielding a giant spiked club The blast of sand hits the ogre.
The ogre is lightly wounded.
Unknown command.
Unknown command.
Unknown command.
Casting: Sandblast
Confirm with . or Enter, or press ? or * to list all spells.
Aiming: Sandblast
Press: ? - help, Shift-Dir - straight line, f/p - ogre
Aim: an ogre, wielding a giant spiked club (lightly wounded)
The blast of sand hits the ogre.
The ogre is moderately wounded.
The ogre hits you with a giant spiked club!!
Ouch! That really hurt!
You die...

###.[# # ##.#..###.#
#.........# .#
#....>.[..# ..###### ##
####.##.##..# ....... #.
#.##.##.Og..... ......
#. #.##.#####..### ....#
#. #.##O# .# ....# #.
#.##@# ..
#<..######.##.##.#####.
##
).......................
#...#######.##########..
#...# #.# ...<# #.#
...## #.# ##.# #.#
#.########.#


You could see an ogre.

Vanquished Creatures
  A phantom (D:3)
  Jessica (D:2)
  4 adders
  2 oozes
  4 worms
  4 giant geckos
  6 orcs (D:3)
  6 bats
  2 gnoll zombies (D:3)
  7 goblins
  8 hobgoblins
  8 kobolds
  3 giant cockroaches (D:2)
  5 giant newts
  A jackal skeleton (D:3)
  5 rats
67 creatures vanquished.

Notes
Turn   | Place    | Note
--------------------------------------------------------------
     0 | D:1      | nubinia the Spriggan Earth Elementalist began the quest for the Orb.
     0 | D:1      | Reached XP level 1. HP: 9/9 MP: 5/5
   320 | D:1      | Found a shattered altar of Ashenzari.
   331 | D:1      | Became a worshipper of Ashenzari the Shackled
   350 | D:1      | Reached XP level 2. HP: 13/13 MP: 4/7
   712 | D:1      | Learned a level 2 spell: Stoneskin
   890 | D:1      | Reached XP level 3. HP: 16/16 MP: 4/8
  1571 | D:2      | Found a stormy altar of Qazlal.
  1596 | D:2      | Noticed Jessica
  1603 | D:2      | Killed Jessica
  1603 | D:2      | Reached XP level 4. HP: 21/21 MP: 10/10
  1735 | D:2      | Reached skill level 4 in Spellcasting
  2430 | D:2      | Learned a level 3 spell: Passwall
  2434 | D:2      | Learned a level 3 spell: Stone Arrow
  2443 | D:3      | Found a snail-covered altar of Cheibriados.
  2525 | D:3      | Found a burning altar of Makhleb.
  2652 | D:3      | Reached XP level 5. HP: 20/24 MP: 9/12
  2989 | D:3      | Noticed a phantom
  3103 | D:3      | Killed a phantom
  3103 | D:3      | Reached skill level 5 in Spellcasting
  3141 | D:3      | Found a basalt altar of Yredelemnul.
  3275 | D:4      | Noticed an ogre
  3288 | D:4      | Slain by an ogre

Vault maps used:
D:1:      dpeg_arrival_boxorama, evilmike_ruin_ashenzari
D:2:      nicolae_qazlal_general_emergency, serial_bayou_pond_d,
          kennysheep_another_room, uniq_jessica
D:3:      lemuel_crystal_altar, cheibriados_altar_1,
          lemuel_zombie_altar_yredelemnul, first_bread, minmay_quantized
D:4:      grunt_gozag_statues, tgw_sif, temple_doors_e, serial_shops,
          nicolae_shop_behind_doors, hangedman_decor_opposing, uniq_eustachio

Action                   |  1- 3 |  4- 6 || total
-------------------------+-------+-------++-------
Melee: Dagger            |    36 |    60 ||    96
       Hand axe          |       |    10 ||    10
 Cast: Sandblast         |    44 |   106 ||   150
       Stoneskin         |     2 |     1 ||     3
  Use: Scroll            |     2 |     5 ||     7
       Potion            |     1 |     2 ||     3
 Stab: Sleeping          |     7 |     6 ||    13
